AoeStats
← DS_Lancera Esteparia

Oasis

508579980Analyzed
4v4 RM · 11d ago on Sep 23, 2026· 15m 16s· 8 players
Game mode
Random Map
Map size
Large (8 player)
Population
200
Speed
Normal
Resources
Standard
Victory
Conquest
Starting age
Dark Age
Ending age
Imperial Age
RankedLock teamsTeams togetherTeam positionsShared explorationLock speedFull tech treeHidden civsTurbo modeCheats
Victory
Defeat
🇨🇴 Khmer · Colombia
1393
+13
🇨🇴 Varangians · Colombia
1390
+13
🇲🇽 Saxons · Mexico
1368
+14
🇵🇪 Turks · Peru
1342
+15
🇨🇷 Dravidians · Costa Rica
1539
-21
🇨🇴 Franks · Colombia
1359
-15
🇲🇽 Lithuanians · Mexico
1285
-26
🇦🇷 Ethiopians · Argentina
1140
-7
Huichotzin
2:28 Loom
9:24 Feudal Age
12:52 Double-Bit Axe
14:20 Fletching
Dadagama
9:18 Feudal Age
9:45 Double-Bit Axe
14:07 Scale Barding Armor
14:12 Forging
Milongo
8:55 Feudal Age
9:30 Double-Bit Axe
9:26 Horse Collar
10:03 Loom
10:04 Town Watch
theblademaster
7:04 Loom
9:31 Feudal Age
14:50 Double-Bit Axe
LittleHog
6:27 Loom
8:50 Feudal Age
9:24 Double-Bit Axe
9:49 Horse Collar
DS_Lancera Esteparia
2:21 Loom
6:21 Loom
9:10 Feudal Age
9:49 Double-Bit Axe
DS_Exe19
10:20 Feudal Age
11:04 Loom
11:28 Double-Bit Axe
DS_TheHeartless
4:55 Loom
9:18 Feudal Age
9:42 Man-at-Arms
Connection lost

Rejoining the realm…

Still unreachable

The connection could not be restored.

Session expired

The server has moved on; the page needs a fresh start.